Match 45213176
Unlisted

Match 45213176
End
Scout Squad
Construct Barracks
Riflemen Squad
Riflemen Squad
Selects Heavy Weapons
Construct Weapon Support Center
Grenade Package
Selects Assault Carriers
Mechanized Support Center
M1919 Machine Gun Team
M3 Assault Carrier
M1 Mortar Team
Selects M2HB .50cal Heavy Machine Gun
M1919 Machine Gun Team
Designate Forward Repair Station
Selects Exchangeable Parts
Construct Tank Depot
Engineer Squad
M4A1 Sherman Medium Tank
M4A1 76mm Conversion
Designate Forward Repair Station
M4A1(76) Sherman Medium Tank
Improvised Armor
M4A1(76) Sherman Medium Tank
Selects Gallant Stand
Selects Black Dragon Artillery Barrage
Black Dragon Artillery Barrage
Engineer Squad
Greymatter
LightKazi
The Chainwalker
NIISLEL SALAD
0
0

Comments sign in to comment!

No comments posted yet!